 Dungeon Crawl Stone Soup version 0.20.0-15-g7f486f2 (webtiles) character file.

6248 Haldmier the Spear-Bearer (level 10, -11/70 HPs)
             Began as a Merfolk Ice Elementalist on June 25, 2017.
             Was a Follower of Fedhas.
             Mangled by a minotaur
             ... wielding a +0 executioner's axe
              (19 damage)
             ... in a labyrinth.
             The game lasted 01:10:10 (13217 turns).

Haldmier the Spear-Bearer (MfIE)                   Turns: 13217, Time: 01:10:11

Health: -11/70     AC: 15    Str: 11    XL:     10   Next: 93%
Magic:  2/17       EV: 14    Int: 23    God:    Fedhas [*.....]
Gold:   439        SH:  0    Dex: 14    Spells: 7/19 levels left

rFire    . . .     SeeInvis .   J - +2 trident (pierce)
rCold    . . .     Gourm    .   (no shield)
rNeg     . . .     Faith    .   t - +0 robe
rPois    .         Spirit   .   (no helmet)
rElec    .         Reflect  .   d - +1 cloak
rCorr    .         Harm     .   Q - +1 pair of gloves
MR       .....                  B - +0 pair of boots
Stlth    ++........             P - amulet of regeneration
Regen    0.7/turn               O - +2 ring of strength
MPRegen  0.2/turn               (no ring)

@: brilliant, icy armour, berserk cooldown, slowed, very slow
A: change form in water, swift swim, stealthy swim
a: Fungal Bloom, Evolution, Renounce Religion


You were in a labyrinth.
You worshipped Fedhas.
Fedhas was aware of your devotion.
You were hungry.

You visited 3 branches of the dungeon, and saw 12 of its levels.
You also visited: Labyrinth and Sewer.

You collected 439 gold pieces.

Inventory:

Hand Weapons
 k - a +1 spear of venom
 q - a +0 blowgun
 s - a +0 dagger of holy wrath
 J - a +2 trident of piercing (weapon)
 L - a +1 scythe of venom
 N - a +3 spear of freezing
Missiles
 u - 23 tomahawks (quivered)
 w - 48 poisoned needles
Armour
 d - a +1 cloak (worn)
 i - a +0 leather armour
 t - a +0 robe (worn)
 z - a +0 shield
 B - a +0 pair of boots (worn)
 Q - a +1 pair of gloves (worn)
Magical Staves
 R - an uncursed staff of death {unknown}
Jewellery
 O - a +2 ring of strength (left hand)
 P - an amulet of regeneration (around neck)
Scrolls
 l - a scroll of blinking
 r - 2 scrolls of enchant weapon
 y - a scroll of recharging
 D - 3 scrolls of fear
 F - 4 scrolls of remove curse
 K - 2 scrolls of teleportation
Potions
 f - 4 potions of lignification {unknown}
 h - a potion of resistance {unknown}
 m - 8 potions of heal wounds
 p - a potion of flight
 x - a potion of magic {unknown}
 A - 4 potions of curing
 C - a potion of cancellation {unknown}
 E - a potion of brilliance
 G - 4 potions of mutation
 H - a potion of degeneration {unknown}
 I - a potion of agility {unknown}
 M - 2 potions of haste {unknown}
Books
 e - a book of Cantrips

   Spells                             Type                      Level
   a - Confusing Touch                Hexes                        1
   b - Animate Skeleton               Necromancy                   1
   c - Summon Small Mammal            Summoning                    1
   d - Apportation                    Translocation                1
 o - a book of Frost

   Spells                             Type                      Level
   a - Freeze                         Ice                          1
   b - Throw Frost                    Conjuration/Ice              2
   c - Ozocubu's Armour               Charms/Ice                   3
   d - Throw Icicle                   Conjuration/Ice              4
   e - Summon Ice Beast               Ice/Summoning                4
 S - a book of Changes

   Spells                             Type                      Level
   a - Beastly Appendage              Transmutation                1
   b - Sticks to Snakes               Transmutation                2
   c - Spider Form                    Transmutation/Poison         3
   d - Ice Form                       Ice/Transmutation            4
   e - Blade Hands                    Transmutation                5
Comestibles
 a - 2 bread rations
 b - 4 chunks of flesh
 c - a royal jelly
 g - 2 meat rations
 j - 3 fruits


   Skills:
 - Level 3.0 Fighting
 + Level 11.5 Polearms
 - Level 4.5 Dodging
 - Level 2.1 Stealth
 - Level 5.0 Spellcasting
 + Level 5.2 Conjurations
 - Level 3.0 Charms
 - Level 5.5 Summonings
 + Level 9.7 Ice Magic


You had 7 spell levels left.
You knew the following spells:

 Your Spells              Type           Power        Failure   Level  Hunger
a - Freeze                Ice            ####         1%          1    None
b - Ozocubu's Armour      Chrm/Ice       #####...     1%          3    ##.....
c - Summon Ice Beast      Ice/Summ       ######..     1%          4    ####...
d - Throw Icicle          Conj/Ice       ######..     1%          4    ####...


Dungeon Overview and Level Annotations

Branches:
Dungeon (10/15)            Temple (1/1) D:5            Lair (1/6) D:9
    Orc: D:9-12

Altars:
Ashenzari
Cheibriados
Dithmenos
Elyvilon
Fedhas
Gozag
Hepliaklqana
Kikubaaqudgha
Makhleb
Nemelex Xobeh
Okawaru
Qazlal
Ru
Sif Muna
Trog
Uskayaw
Vehumet
Xom
Yredelemnul
Zin
The Shining One

Annotations:
D:4 PeterMcNeter's ghost, novice FoFi
D:6 exclusion: statue
D:8 2 headed ogre


Message History

The minotaur hits you with an executioner's axe!!!
Ouch! That really hurt!
* * * LOW HITPOINT WARNING * * *
The minotaur gores you but does no damage.
You feel much better.
The minotaur hits you with an executioner's axe!!
* * * LOW HITPOINT WARNING * * *
The minotaur barely misses you.
You feel much better. The minotaur closely misses you.
The minotaur gores you but does no damage.
Casting: Summon Ice Beast
Confirm with . or Enter, or press ? or * to list all spells.
A chill wind blows around you.
The minotaur hits you with an executioner's axe!!
* * * LOW HITPOINT WARNING * * *
The minotaur gores you.
* * * LOW HITPOINT WARNING * * *
The minotaur hits you with an executioner's axe!!
You die...
Fedhas appreciates your contribution to the ecosystem.

...# .
... # ##
## # #
.# .#..
. ...
..... #
.
.......
# #
#######.
.. #
#...
.#.# # #
. .#.###
#.# .#
## #H# .
# . #@#
# .###
#Y# #. #
.#.# # #
..# #
.#.###
.#.#. .
.#... .
#.# .
#####
### . #
. . ..
..... ..
# # .#
.# ## #
# .. #
.# ..


You could see a minotaur and a friendly ice beast.

Vanquished Creatures
  8 yaks
  4 orc warriors
  An eye of draining (D:8)
  3 sky beasts
  An ice beast (D:8)
  4 phantoms
  A wolf (Lair:1)
  5 ogres
  4 centaurs
  4 bullfrogs
  3 scorpions
  3 wights (D:9)
  3 howler monkeys (D:8)
  2 crimson imps
  A bullfrog zombie (D:6)
  A centaur zombie (D:6)
  5 hounds
  2 jellies (D:8)
  An orc priest (D:10)
  2 centaur skeletons
  4 bullfrog skeletons
  8 orc wizards
  3 iguanas
  6 worker ants
  A killer bee zombie (D:7)
  3 hound zombies
  2 worker ant zombies
  2 gnolls (D:6)
  A howler monkey skeleton (D:4)
  9 adders
  A river rat (D:5)
  2 shadow imps (D:8)
  2 oozes
  An adder skeleton (D:7)
  9 worms
  6 dart slugs
  7 leopard geckos
  31 orcs
  5 ball pythons
  8 bats
  10 giant cockroaches
  9 goblins
  5 hobgoblins
  16 jackals
  13 kobolds
  2 quokkas
  9 frilled lizards
  A giant cockroach zombie (D:5)
  A leopard gecko skeleton (D:6)
  14 rats
  4 plants (Sewer)
253 creatures vanquished.

Vanquished Creatures (collateral kills)
  A troll (D:10)
  Sigmund (D:6)
  6 yaks
  Grum (Lair:1)
  A black bear (D:8)
  An ogre (D:9)
  2 wolves (Lair:1)
  A bullfrog (D:10)
  A howler monkey (D:8)
  A centaur zombie (D:9)
  A quasit (D:8)
  5 orc priests
  2 orc wizards
  A worker ant (D:7)
  2 gnolls (D:6)
  An adder (D:8)
  A leopard gecko (D:8)
  4 orcs (D:7)
  A jackal (D:7)
34 creatures vanquished.

Vanquished Creatures (others)
  A necrophage (D:10)
  50 toadstools
51 creatures vanquished.

Grand Total: 338 creatures vanquished

Notes
Turn   | Place    | Note
-------+----------+-------------------------------------------
     0 | D:1      | Haldmier the Merfolk Ice Elementalist began the quest for the Orb.
     0 | D:1      | Reached XP level 1. HP: 13/13 MP: 3/3
   272 | D:1      | Reached XP level 2. HP: 14/19 MP: 0/5
   783 | D:1      | Reached skill level 1 in Polearms
   789 | D:1      | Reached XP level 3. HP: 22/24 MP: 1/6
   995 | D:1      | Learned a level 3 spell: Ozocubu's Armour
   996 | D:2      | Found a bloodstained altar of Trog.
  1706 | D:2      | Reached skill level 2 in Polearms
  1875 | D:2      | Reached XP level 4. HP: 29/31 MP: 4/7
  3039 | D:3      | Reached XP level 5. HP: 36/36 MP: 8/8
  3112 | D:3      | Reached skill level 3 in Polearms
  3321 | D:3      | Reached skill level 1 in Charms
  3845 | D:3      | Learned a level 4 spell: Summon Ice Beast
  3851 | D:4      | Reached skill level 1 in Fighting
  3933 | D:4      | Noticed PeterMcNeter's ghost (novice FoFi)
  4131 | D:4      | Reached skill level 1 in Summonings
  4131 | D:4      | Reached XP level 6. HP: 43/43 MP: 3/9
  4613 | D:4      | HP: 1/44 [worker ant (4)]
  4627 | D:4      | Reached skill level 4 in Polearms
  4871 | D:4      | Noticed a phantom
  4874 | D:4      | Found a shattered altar of Ashenzari.
  4874 | D:4      | Found a sacrificial altar of Ru.
  4904 | D:5      | Entered Level 5 of the Dungeon
  4955 | D:5      | Reached XP level 7. HP: 42/49 MP: 6/11
  5051 | D:5      | Found a staircase to the Ecumenical Temple.
  5192 | D:5      | Reached skill level 5 in Ice Magic
  5196 | D:5      | Found a shimmering altar of Xom.
  5320 | D:5      | Found a glowing drain.
  5341 | Sewer    | Entered a sewer
  6260 | D:5      | Found a shimmering altar of Xom.
  6327 | Temple   | Entered the Ecumenical Temple
  6884 | D:4      | Reached skill level 5 in Polearms
  7049 | D:4      | Reached XP level 8. HP: 57/57 MP: 3/12
  7055 | D:4      | Learned a level 4 spell: Throw Icicle
  7057 | D:4      | Learned a level 1 spell: Animate Skeleton
  7460 | D:4      | Found a sparkling altar of Nemelex Xobeh.
  7461 | D:4      | Found a shadowy altar of Dithmenos.
  7935 | D:6      | Reached skill level 6 in Polearms
  8662 | D:6      | Reached skill level 5 in Summonings
  8764 | D:6      | Found a white marble altar of Elyvilon.
  8820 | D:6      | Reached skill level 7 in Polearms
  9020 | D:6      | Reached XP level 9. HP: 63/63 MP: 13/13
  9057 | D:6      | Noticed Sigmund
  9068 | D:6      | Killed Sigmund
  9366 | D:6      | Found a basalt altar of Yredelemnul.
  9500 | D:6      | Found a radiant altar of Vehumet.
  9576 | D:7      | Reached skill level 1 in Conjurations
  9608 | D:7      | Reached skill level 8 in Polearms
  9987 | D:7      | Found a shimmering altar of Xom.
 10142 | D:7      | Found a blossoming altar of Fedhas.
 10147 | D:7      | Became a worshipper of Fedhas Madash
 10550 | D:8      | Reached skill level 9 in Polearms
 10819 | D:8      | Found a burning altar of Makhleb.
 10959 | D:8      | Reached XP level 10. HP: 70/70 MP: 15/17
 11199 | D:8      | Noticed a two-headed ogre
 11302 | D:9      | Reached skill level 5 in Spellcasting
 11390 | D:9      | Noticed a two-headed ogre
 11844 | D:9      | Reached skill level 10 in Polearms
 11974 | D:9      | Found an opulent altar of Gozag.
 11991 | D:9      | Found a staircase to the Lair.
 12031 | D:10     | Entered Level 10 of the Dungeon
 12493 | D:10     | Reached skill level 11 in Polearms
 12531 | D:10     | Reached skill level 5 in Conjurations
 12551 | D:10     | Reached * piety under Fedhas
 12957 | Lair:1   | Entered Level 1 of the Lair of Beasts
 12961 | Lair:1   | Found a labyrinth entrance.
 12976 | Lair:1   | Noticed Grum
 12994 | Lair:1   | Killed Grum
 13029 | Lab      | Entered a labyrinth
 13188 | Lab      | Noticed a minotaur
 13217 | Lab      | Mangled by a minotaur

Skill      XL: |  1  2  3  4  5  6  7  8  9 10 |
---------------+-------------------------------+-----
Dodging        | 3 4 |  4.5
Polearms       | 1 2 3 4 5 7 9 11 | 11.5
Ice Magic      | 4 5 6 8 9 |  9.7
Charms         | 1 2 3 |  3.0
Fighting       | 1 2 3 |  3.0
Summonings     | 1 2 3 5 |  5.5
Spellcasting   | 3 4 5 |  5.0
Conjurations   | 3 5 |  5.2
Stealth        | |  2.1

Action                   |  1- 3 |  4- 6 |  7- 9 | 10-12 || total
-------------------------+-------+-------+-------+-------++-------
Melee: Unarmed           |    10 |       |       |       ||    10
       Spear             |   121 |   141 |       |       ||   262
       Trident           |       |       |   659 |   264 ||   923
       Tailslap          |       |       |    11 |       ||    11
Throw: Stone             |     1 |     1 |       |       ||     2
       Tomahawk          |       |     4 |     4 |     1 ||     9
 Cast: Freeze            |    50 |    68 |    56 |     2 ||   176
       Ozocubu's Armour  |       |     9 |    29 |    11 ||    49
       Summon Ice Beast  |       |       |    18 |    32 ||    50
Invok: Fungal Bloom      |       |       |     2 |    10 ||    12
  Use: Scroll            |       |     7 |     6 |     7 ||    20
       Potion            |       |     1 |     1 |     4 ||     6
 Stab: Sleeping          |     3 |     8 |    11 |     2 ||    24
       Distracted        |       |       |     3 |       ||     3
  Eat: Chunk             |     4 |    11 |    22 |     6 ||    43
       Bread ration      |       |       |     1 |     1 ||     2
       Royal jelly       |       |       |       |     2 ||     2
Armor: Robe              |    45 |    30 |   143 |    40 ||   258
Dodge: Dodged            |    82 |    95 |   273 |    95 ||   545
